 Dungeon Crawl Stone Soup version 0.27-a0-1557-g57f10a385c (webtiles) character file.

Game seed: 15658667944790837500

291 robertstho the Magician (level 6, -1/43 HPs)
             Began as a Djinni Fire Elementalist on July 15, 2021.
             Killed from afar by Blork the orc (18 damage)
             ... with a puff of frost
             ... on level 4 of the Dungeon.
             The game lasted 00:07:00 (4852 turns).

robertstho the Magician (Djinni Fire Elementalist)  Turns: 4852, Time: 00:07:01

Health: -1/43      AC:  5    Str:  7    XL:     6   Next: 58%
Gold:   152        EV: 12    Int: 18    God:
                   SH:  0    Dex: 14

rFire    + + .     SeeInvis .   g - +1 short sword (speed)
rCold    x . .     Faith    .   (no shield)
rNeg     . . .     Spirit   .   l - +1 troll leather armour {Purgy}
rPois    ∞         Reflect  .   (no helmet)
rElec    .         Harm     .   (no cloak)
rCorr    .         Rampage  .   (no gloves)
Will     +....                  (boots unavailable)
Stlth    ++........             (no amulet)
HPRegen  1.14/turn              m - ring of willpower
MPRegen  0.00/turn              (no ring)

@: flying, very slightly contaminated
A: sickness immunity, fire resistance 2, cold vulnerability 1, float, innate
caster, hp casting, extra vitality 1
a: no special abilities


You were on level 4 of the Dungeon.
You visited 1 branch of the dungeon, and saw 4 of its levels.
You also visited: Sewer.

You collected 152 gold pieces.

Inventory:

Hand Weapons
 g - a +1 short sword of speed (weapon)
Armour
 l - a +1 troll leather armour (worn) {Purgy}
Jewellery
 m - a ring of willpower (left hand)
Scrolls
 a - a scroll of teleportation {unknown}
 d - a scroll of blinking
Potions
 c - a potion of haste {unknown}
 f - a potion of mutation {unknown}
 j - a potion of heal wounds {unknown}
 k - a potion of might {unknown}


   Skills:
 * Level 1.6 Fighting
 + Level 2.5 Dodging
 + Level 2.0 Stealth
 * Level 4.8 Spellcasting


You couldn't memorise any spells.
You knew the following spells:

 Your Spells              Type           Power      Damage    Failure   Level
a - Foxfire               Conj/Fire      88%        2x1d8     2%          1
b - Conjure Flame         Conj/Fire      22%        6-21      9%          3
c - Inner Flame           Hex/Fire       22%        N/A       9%          3
d - Sticky Flame          Conj/Fire      22%        2d4       26%         4
e - Fireball              Conj/Fire      11%        3d7       58%         5
f - Shock                 Conj/Air       88%        1d8       2%          1
g - Corpse Rot            Necr/Air       N/A        N/A       4%          2
Your spell library was empty.

Dungeon Overview and Level Annotations

Branches:
Dungeon (4/15)              Sewer (visited)
 Temple: D:4-7

Altars:
Xom

Annotations:
D:4 Blork the orc


Innate Abilities, Weirdness & Mutations

You are immune to sickness and miasma.
You are immune to poison.
Your flesh is very heat resistant. (rF++)
You are vulnerable to cold. (rC-)
You float through the air rather than walking.
You learn spells naturally, not from books.
Your magical power is your life essence.
You have superior vitality. (+4 HP)


Message History

You conjure some foxfire!
The foxfire hits Blork the orc but does no damage.
Blork the orc is lightly wounded.
Blork the orc gestures at you while chanting.
The puff of frost hits you!
You feel a terrible chill!
Casting: Foxfire (safe; 2% risk of failure)
Press: ? - help, Q - select action, (/) - cycle Dir - look around, f - activate You conjure some foxfire!
The foxfire hits the endoplasm.
The endoplasm is almost dead.
The foxfire hits the endoplasm.
You kill the endoplasm!
The foxfire hits Blork the orc!
Blork the orc is moderately wounded.
The foxfire hits Blork the orc.
Blork the orc is heavily wounded.
Casting: Foxfire (safe; 2% risk of failure)
Confirm with . or Enter, or press ? or * to list all spells.
The spell is quite dangerous to cast (26% risk of failure)!
Continue anyway?
Aiming: Sticky Flame (quite dangerous; 26% risk of failure)
Press: ? - help, Shift-Dir - straight line, f - Blork the orc
Aim: Blork the orc, wielding a +0 dire flail and wearing a +2 robe of willpower (heavily wounded, 100% to hit)
You miscast Sticky Flame.
You are very lightly contaminated with residual magic.
Nothing appears to happen.
Casting: Sticky Flame (quite dangerous; 26% risk of failure)
Confirm with . or Enter, or press ? or * to list all spells.
The spell is quite dangerous to cast (26% risk of failure)!
Continue anyway?
Aiming: Sticky Flame (quite dangerous; 26% risk of failure)
Press: ? - help, Shift-Dir - straight line, f/p - Blork the orc
Aim: Blork the orc, wielding a +0 dire flail and wearing a +2 robe of willpower (heavily wounded, 100% to hit)
The sticky flame hits Blork the orc.
Blork the orc is heavily wounded.
Blork the orc is covered in liquid flames!
Blork the orc burns!
Blork the orc hits you with a +0 dire flail!
Blork the orc burns!
Blork the orc casts a spell at you. The puff of frost hits you!!
You feel a terrible chill!
You die...

#.# #.# # ####[#
..###).<.#
#........#
#(.......#######.
#.##<.......§§...
#.##.#..######.##
.......@.#
#.##.#...#
.##.#..o#
........##
.........##
....###.#.###.####
........##........
#######'#.###.####
..(....#......#


You could see Blork the orc (burning).

Vanquished Creatures
  Purgy (Sewer)
  2 orc wizards (D:3)
  2 adders (D:2)
  A river rat (D:3)
  An adder skeleton (D:4)
  2 worms (D:3)
  2 dart slugs (D:1)
  7 orcs (D:3)
  13 endoplasms
  6 giant cockroaches
  5 goblins
  5 hobgoblins
  8 jackals
  6 quokkas
  6 ball pythons
  2 bats
  12 frilled lizards
  11 kobolds
  4 rats
96 creatures vanquished.

Vanquished Creatures (collateral kills)
  6 foxfires
6 creatures vanquished.

Vanquished Creatures (others)
  376 foxfires
  3 plants (D:3)
379 creatures vanquished.

Grand Total: 481 creatures vanquished

Notes
Turn   | Place    | Note
-------+----------+-------------------------------------------
     0 | D:1      | robertstho the Djinni Fire Elementalist began the quest for
                  | the Orb.
     0 | D:1      | Reached XP level 1. HP: 15/15 MP: 0/0
   447 | D:1      | Reached XP level 2. HP: 18/22 MP: 0/0
   703 | D:1      | Reached skill level 3 in Spellcasting
   961 | D:1      | Reached XP level 3. HP: 26/26 MP: 0/0
   961 | D:1      | Learned a level 1 spell: Shock
  2376 | D:2      | Found a shimmering altar of Xom.
  2588 | D:2      | Reached XP level 4. HP: 24/31 MP: 0/0
  2725 | D:2      | Found a faded altar of an unknown god.
  3696 | D:3      | Reached skill level 1 in Fighting
  3696 | D:3      | Reached XP level 5. HP: 14/37 MP: 0/0
  3696 | D:3      | Learned a level 2 spell: Corpse Rot
  3697 | D:3      | Reached skill level 4 in Spellcasting
  3945 | D:3      | Found a glowing drain.
  3969 | Sewer    | Entered a sewer
  4316 | Sewer    | Noticed Purgy
  4322 | Sewer    | Killed Purgy
  4323 | Sewer    | Reached XP level 6. HP: 36/42 MP: 0/0
  4836 | D:4      | Noticed Blork the orc
  4852 | D:4      | Killed from afar by Blork the orc

Illustrated notes

Levels and vault maps discovered:
D:1:      dpeg_arrival_renting, layout_loops_corners, serial_forest,
          infiniplex_forest_lined_room_2, infiniplex_forest_end_2,
          infiniplex_forest_fountain, infiniplex_forest_clump_double,
          infiniplex_forest_lined_4_way, infiniplex_forest_corner_1,
          infiniplex_forest_clump_long, infiniplex_forest_straight_2,
          infiniplex_forest_clump_small, minmay_tetromino_o2
D:2:      layout_loops_ring, chequers_ecumenical_altar_island, basic_altar,
          serial_park_tiny_2
D:3:      layout_basic, serial_glass, glass_columns_b, glass_columns_a,
          glass_columns_a, glass_columns_a, gup_sewer_entry_bubbles,
          minmay_lizard_king
D:4:      minmay_recursive_quarters, layout_loops_ring,
          kennysheep_pointless_box, st_stairs_11, uniq_blork_the_orc,
          uniq_robin, uniq_pikel

Skill      XL: |  1  2  3  4  5  6 |
---------------+-------------------+-----
Spellcasting   | 3 4 |  4.8
Fighting       | 1 |  1.6
Stealth        | 2 |  2.0
Dodging        | |  2.5

Action                   |  1- 3 |  4- 6 || total
-------------------------+-------+-------++-------
Melee: Unarmed           |       |     3 ||     3
       Short sword       |       |     2 ||     2
 Cast: Foxfire           |    95 |   148 ||   243
       Sticky Flame      |       |     2 ||     2
  Use: Scroll            |       |     5 ||     5
 Stab: Sleeping          |       |     1 ||     1
Armor: Robe              |     6 |     7 ||    13
       Troll leather arm |       |     1 ||     1
Dodge: Dodged            |    16 |    22 ||    38

Table legend: (Time is in decaauts)
 A = Elapsed time spent in this place.
 B = Non-inter-level travel time spent in this place.
 C = Inter-level travel time spent in this place.
 D = Time resting spent in this place.
 E = Time spent auto-exploring this place.
 F = Levels seen in this place.
 G = Mean time per level.
                   A        B        C        D        E       F      G
               +--------+--------+--------+--------+--------+-----+--------+
         Total |   4850 |   4689 |    161 |      0 |   3862 |   5 |  970.0 |
       Dungeon |   4410 |   4249 |    161 |      0 |   3470 |   4 | 1102.5 |
         Sewer |    439 |    439 |      0 |      0 |    392 |   1 |  439.0 |
               +--------+--------+--------+--------+--------+-----+--------+

Top non-repeatable levels by time:
     D:1: 2300 daAuts
     D:2: 1267 daAuts
     D:3: 793 daAuts
   Sewer: 439 daAuts
     D:4: 49 daAuts
